 Dungeon Crawl Stone Soup version 0.28.0-53-g5a82cb258f (webtiles) character file.

Game seed: 1177222118874241559

1253 Zeld the Ogre Mage (level 8, 0/67 HPs)
             Began as an Ogre Fire Elementalist on June 13, 2022.
             Slain by a scorpion (8 damage)
             ... on level 5 of the Dungeon.
             The game lasted 00:05:17 (5519 turns).

Zeld the Ogre Mage (Ogre Fire Elementalist)         Turns: 5519, Time: 00:05:18

Health: 0/67       AC:  3    Str: 13    XL:     8   Next: 51%
Magic:  2/19       EV:  9    Int: 18    God:
Gold:   96         SH:  0    Dex:  9    Spells: 6/21 levels left

rFire   . . .      SeeInvis .   (no weapon)
rCold   . . .      Faith    .   (no shield)
rNeg    . . .      Spirit   .   a - +0 robe
rPois   .          Reflect  .   (helmet restricted)
rElec   .          Harm     .   (no cloak)
rCorr   .          Rampage  .   (gloves unavailable)
Will    .....                   (boots unavailable)
Stlth   +.........              (no amulet)
HPRegen 0.21/turn               (no ring)
MPRegen 0.16/turn               (no ring)

@: no status effects
A: large, unfitting armour, tough skin 1
a: no special abilities


You were on level 5 of the Dungeon.
You visited 1 branch of the dungeon, and saw 5 of its levels.

You collected 96 gold pieces.

Inventory:

Armour
 a - a +0 robe (worn)
Wands
 m - a wand of flame (20)
 r - a wand of iceblast (3)
 u - a wand of mindburst (9)
Scrolls
 b - 6 scrolls of identify {unknown}
 d - 2 scrolls of teleportation {unknown}
 f - 2 scrolls of blinking {unknown}
 g - a scroll of torment {unknown}
 i - a scroll of magic mapping {unknown}
 j - a scroll of fog {unknown}
 k - a scroll of enchant weapon {unknown}
 t - 2 scrolls of immolation {unknown}
Potions
 c - a potion of flight {unknown}
 e - 6 potions of curing {unknown}
 h - a potion of invisibility {unknown}
 l - a potion of heal wounds {unknown}
 n - a potion of degeneration {unknown}
 o - a potion of haste {unknown}
 p - a potion of berserk rage {unknown}
 q - a potion of lignification {unknown}
 s - a potion of experience {unknown}


   Skills:
 - Level 1.7 Dodging
 - Level 1.4 Stealth
 * Level 7.3 Spellcasting
 + Level 4.0 Conjurations
 * Level 6.3 Fire Magic


You had 6 spell levels left.
You knew the following spells:

 Your Spells              Type           Power      Damage    Failure   Level
a - Foxfire               Conj/Fire      100%       2x1d9     1%          1
b - Scorch                Fire           58%        2d7       1%          2
c - Inner Flame           Hex/Fire       18%        N/A       9%          3
d - Flame Wave            Conj/Fire      25%        2d7       12%         4
e - Fireball              Conj/Fire      12%        3d7       34%         5

Your spell library contained the following spells:

 Spells                   Type           Power      Damage    Failure   Level
 Conjure Flame            Conj/Fire      25%        6-21      3%          3
 Iskenderun's Battlesphe  Conj           21%        2d7       50%         5
 Starburst                Conj/Fire      12%        6d5       88%         6
 Conjure Ball Lightning   Conj/Air       6%         3x3d6     100%        6
 Orb of Destruction       Conj           10%        9d6       100%        7
 Ignition                 Fire           14%        3d6       100%        8


Dungeon Overview and Level Annotations

Branches:
Dungeon (5/15)
 Temple: D:4-7

Altars:
Cheibriados
Dithmenos
Ru
Uskayaw
Xom


Innate Abilities, Weirdness & Mutations

You are too large for most types of armour.
You have tough skin. (AC +1)


Message History

* * * LOW HITPOINT WARNING * * *
Unknown command.
You hit the scorpion zombie but do no damage.
The scorpion zombie is severely damaged.
The scorpion zombie closely misses you. The scorpion zombie hits you.
* * * LOW HITPOINT WARNING * * *
The scorpion zombie hits you.
* * * LOW HITPOINT WARNING * * *
The scorpion zombie hits you but does no damage.
The scorpion zombie completely misses you.
The scorpion zombie hits you.
* * * LOW HITPOINT WARNING * * *
There is an open door here.
Okay, then.
Attack: -) Nothing wielded
Press: ? - help, Dir - move target, f - scorpion zombie
Aim: a scorpion zombie (severely damaged, more vulnerable to fire, about 26% to evade your hands)
Okay, then.
Attack: -) Nothing wielded
Press: ? - help, Dir - move target, f - scorpion zombie
Aim: a scorpion zombie (severely damaged, more vulnerable to fire, about 26% to evade your hands)
Okay, then.
Aiming: Mindburst
Press: ? - help, Shift-Dir - straight line, f - you That would be overly suicidal.
Okay, then.
Unknown command.
Unknown command.
A scorpion comes into view.
Okay, then.
Okay, then.
Okay, then.
Aiming: Throw Flame
Press: ? - help, Shift-Dir - straight line, f - scorpion zombie
Aim: a scorpion zombie (severely damaged, more vulnerable to fire, 89% to hit)
The puff of flame hits the scorpion zombie!
The scorpion zombie is burned terribly!
You destroy the scorpion zombie!
The scorpion stings you!
You die...

#.# #..#.. ##.##
#..'## +#...#+ #..##
######.....######..#
......)............#
###...........###..#
#.##.........## #..#
#..##s......## #..#
#..Z'@......+ #.##
#..##.......# #.#
#)##....#....# #.#
#).#..##+##..# #.#
##.#.## ##.# ###.#
.# ... .. .### ### #


You could see a scorpion and a scorpion zombie (combustible).

Vanquished Creatures
  Grinder (D:3)
  A yak (D:5)
  A water moccasin (D:5)
  An ice beast (D:5)
  A necrophage (D:4)
  2 ogres
  2 phantoms (D:4)
  A water moccasin skeleton (D:5)
  A howler monkey (D:5)
  A bullfrog skeleton (D:5)
  A centaur skeleton (D:4)
  An orc wizard (D:5)
  A scorpion zombie (D:5)
  2 hound skeletons (D:4)
  6 adders
  2 ufetubi (D:5)
  2 worms
  3 dart slugs
  9 orcs
  4 ball pythons
  A bat (D:2)
  3 endoplasms
  2 giant cockroaches
  4 goblins
  5 hobgoblins
  4 kobolds
  4 frilled lizards
  4 rats
70 creatures vanquished.

Vanquished Creatures (others)
  51 foxfires
51 creatures vanquished.

Grand Total: 121 creatures vanquished

Notes
Turn   | Place    | Note
-------+----------+-------------------------------------------
     0 | D:1      | Zeld the Ogre Fire Elementalist began the quest for the
                  | Orb.
     0 | D:1      | Reached XP level 1. HP: 16/16 MP: 3/3
   183 | D:1      | Reached skill level 1 in Conjurations
   509 | D:1      | Reached XP level 2. HP: 24/24 MP: 3/5
   512 | D:1      | Learned a level 2 spell: Scorch
  1013 | D:2      | Reached skill level 3 in Spellcasting
  1231 | D:2      | Reached XP level 3. HP: 31/31 MP: 4/7
  1235 | D:2      | Learned a level 3 spell: Inner Flame
  2077 | D:2      | Found a faded altar of an unknown god.
  2465 | D:3      | Reached XP level 4. HP: 39/39 MP: 6/9
  2505 | D:3      | Noticed Grinder
  2523 | D:3      | Paralysed by Grinder for 4 turns
  2830 | D:3      | Killed Grinder
  2831 | D:3      | Reached skill level 4 in Spellcasting
  2831 | D:3      | Reached XP level 5. HP: 40/45 MP: 1/12
  2831 | D:3      | Reached XP level 6. HP: 47/53 MP: 1/13
  2840 | D:3      | Learned a level 4 spell: Flame Wave
  3430 | D:4      | Reached skill level 5 in Spellcasting
  3668 | D:4      | Noticed a necrophage
  3674 | D:4      | Killed a necrophage
  3675 | D:4      | Reached XP level 7. HP: 49/59 MP: 5/15
  3681 | D:4      | Learned a level 5 spell: Fireball
  3907 | D:4      | Found a hide-covered altar of Uskayaw.
  3907 | D:4      | Found a shadowy altar of Dithmenos.
  3909 | D:4      | Found a snail-covered altar of Cheibriados.
  3911 | D:4      | Found a sacrificial altar of Ru.
  3911 | D:4      | Found a shimmering altar of Xom.
  3972 | D:4      | Reached skill level 5 in Fire Magic
  4365 | D:4      | Reached skill level 6 in Spellcasting
  4786 | D:5      | Entered Level 5 of the Dungeon
  5160 | D:5      | Reached XP level 8. HP: 67/67 MP: 10/18
  5400 | D:5      | Reached skill level 7 in Spellcasting
  5406 | D:5      | Noticed a yak
  5429 | D:5      | Killed a yak
  5519 | D:5      | Slain by a scorpion

Illustrated notes

Levels and vault maps discovered:
D:1:      lightli_arrival_quake, layout_basic, chequers_avenue
D:2:      layout_loops_corners, shapermc_ecumenical_altar_ellora
D:3:      layout_rooms, uniq_grinder
D:4:      layout_basic, grunt_temple_overflow_open
D:5:      layout_rooms, temple_statues, serial_rivers,
          chequers_serial_rivers_room_a, chequers_serial_rivers_room_b,
          chequers_serial_rivers_room_a, chequers_serial_rivers_large_a,
          chequers_serial_rivers_micro_b, serial_shops, shop_statue,
          minmay_pentangle, uniq_blork_the_orc

Skill      XL: |  1  2  3  4  5  6  7  8 |
---------------+-------------------------+-----
Conjurations   | 1 2 3 4 |  4.0
Spellcasting   | 3 4 5 6 7 |  7.3
Fire Magic     | 3 4 5 6 |  6.3
Dodging        | |  1.7
Stealth        | |  1.4

Action                   |  1- 3 |  4- 6 |  7- 9 || total
-------------------------+-------+-------+-------++-------
Melee: Unarmed           |     5 |     5 |    14 ||    24
 Cast: Foxfire           |    23 |       |     8 ||    31
       Scorch            |    20 |    30 |    67 ||   117
Evoke: Wand              |       |       |     9 ||     9
Armor: Robe              |     5 |     8 |    18 ||    31
Dodge: Dodged            |     6 |     4 |    31 ||    41
